 Dungeon Crawl Stone Soup version 0.13-a0-2630-gc2a47ca (webtiles) character file.

720 M4edhros the Sneak (level 6, 0/48 HPs)
             Began as a Demigod Artificer on Aug 5, 2013.
             Succumbed to a scorpion's poison
             ... on Level 5 of the Dungeon.
             The game lasted 00:14:26 (5684 turns).

M4edhros the Sneak (Demigod Artificer)              Turns: 5684, Time: 00:14:26

HP   0/48        AC  7     Str 14      XL: 6   Next: 82%
MP  13/13        EV  9     Int 18      God:
Gold 161         SH  0     Dex 23      Spells:  0 memorised,  5 levels left

Res.Fire  : + + .   See Invis. : .   m - +0 short sword
Res.Cold  : x . .   Warding    : .   f - +2 orc ring mail {rF+}
Life Prot.: . . .   Conserve   : .   (no shield)
Res.Poison: .       Res.Corr.  : .   (no helmet)
Res.Elec. : .       Clarity    : .   (no cloak)
Sust.Abil.: . .     Spirit.Shd : .   (no gloves)
Res.Mut.  : .       Stasis     : .   (no boots)
Res.Rott. : .       Flight     : .   (no amulet)
Saprovore : . . .                    G - ring of fire
                                     j - +4 ring of dexterity

@: exhausted, mildly poisoned, somewhat resistant to hostile enchantments,
stealthy
A: magic resistance 1, evolution 1
a: no special abilities


You were on level 5 of the Dungeon.
You were very hungry.

You visited 1 branch of the dungeon, and saw 5 of its levels.

You collected 141 gold pieces.

Inventory:

Hand weapons
 m - a +0,+0 short sword (weapon)
 q - a +0,+0 short sword
 y - a +0,+1 orcish vampiric falchion
 A - a +0,+1 spear of dragon slaying (quivered)
 E - a +2,+4 sling of flame
Missiles
 t - 5 needles of sleeping
 w - 8 javelins of penetration
 H - a stone
Armour
 e - a +0 leather armour
 f - a +2 orcish ring mail of fire resistance (worn)
 o - a +0 scale mail
Magical devices
 b - a wand of flame (0)
 c - a wand of enslavement (3)
 d - a wand of random effects (5)
 D - a wand of draining (0)
Comestibles
 a - 2 rotting chunks of worker ant flesh
 l - 2 chokos
 p - 3 meat rations
Scrolls
 g - a scroll of curse jewellery
 h - 2 scrolls of noise
 i - 2 scrolls of fear
 n - a scroll of teleportation {unknown}
 r - a scroll of curse weapon {unknown}
 s - 2 scrolls of magic mapping {unknown}
 u - 2 scrolls of remove curse
 z - a scroll of fog {unknown}
 B - a scroll of enchant armour
 C - 2 scrolls of recharging
Jewellery
 j - a +4 ring of dexterity (left hand)
 k - an uncursed ring of protection from fire
 G - a ring of fire (right hand)
 I - an uncursed ring of protection from fire


   Skills:
 - Level 0.8 Fighting
 - Level 0.8 Short Blades
 * Level 3.9 Polearms
 + Level 2.4 Slings
 - Level 1.7 Dodging
 - Level 5.1 Stealth
 - Level 2.6 Evocations


You had 5 spell levels left.
You didn't know any spells.

Dungeon Overview and Level Annotations

Branches:
Dungeon (5/27)
 Temple: D:4-7


Innate Abilities, Weirdness & Mutations

You are resistant to hostile enchantments.
You evolve.


Message History

You start resting.
* * * LOW HITPOINT WARNING * * *
You feel sick.
You feel a little better.
You start resting.
* * * LOW HITPOINT WARNING * * *
You feel sick.
You start resting.
* * * LOW HITPOINT WARNING * * *
You feel sick.
You start resting.
You feel yourself speed up.
* * * LOW HITPOINT WARNING * * *
You feel sick.
You start resting.
* * * LOW HITPOINT WARNING * * *
You feel sick.
You feel a little better.
You start resting.
You die...

#########
#.......#
#.......#
###.......#
####.'......(#
##....#@...>..#
#.<####.......#
+.## #(......#
## #.......#
####+####


There were no monsters in sight!

Vanquished Creatures
  A phantom (D:4)
  Eustachio (D:4)
  2 orc wizards (D:4)
  An orc priest (D:4)
  A scorpion (D:5)
  2 hounds
  A giant frog skeleton (D:4)
  4 worker ants (D:4)
  7 adders
  3 gnolls (D:3)
  3 oozes
  8 orcs
  2 ball pythons
  13 bats
  A bat skeleton (D:4)
  11 goblins
  7 hobgoblins
  2 jackals (D:1)
  11 kobolds
  A quokka (D:4)
  2 giant cockroaches
  4 giant geckos
  6 giant newts
  9 rats
103 creatures vanquished.

Vanquished Creatures (collateral kills)
  An orc priest (D:4)
  An iguana (D:4)
  A gnoll (D:3)
  3 orcs (D:4)
6 creatures vanquished.

Grand Total: 109 creatures vanquished

Notes
Turn   | Place    | Note
--------------------------------------------------------------
     0 | D:1      | M4edhros, the Demigod Artificer, began the quest for the Orb.
     0 | D:1      | Reached XP level 1. HP: 17/17 MP: 3/3
     2 | D:1      | Noticed a ghoul
     4 | D:1      | Noticed a demigod
     4 | D:1      | Noticed a centaur
     6 | D:1      | Noticed a dwarf
     8 | D:1      | Noticed a troll
     8 | D:1      | Noticed a tengu
    10 | D:1      | Noticed a naga
    10 | D:1      | Noticed a draconian
    12 | D:1      | Noticed a merfolk
    12 | D:1      | Noticed a spriggan
    14 | D:1      | Noticed an octopode
    14 | D:1      | Noticed a demonspawn
    16 | D:1      | Noticed an elf
    16 | D:1      | Noticed a vampire
    20 | D:1      | Noticed a minotaur
    22 | D:1      | Noticed an ogre
    22 | D:1      | Noticed a felid
    37 | D:1      | Reached skill level 1 in Stealth
   462 | D:1      | Reached XP level 2. HP: 19/24 MP: 4/4
  1041 | D:1      | Reached skill level 3 in Stealth
  1041 | D:1      | Reached XP level 3. HP: 16/29 MP: 7/7
  1191 | D:1      | Gained mutation: You evolve. [potion of mutation]
  1191 | D:1      | Gained mutation: You are clumsy (Dex -1). [potion of mutation]
  1191 | D:1      | Gained mutation: You are resistant to hostile enchantments. [potion of mutation]
  1193 | D:1      | Lost mutation: You are clumsy (Dex -1). [potion of beneficial mutation]
  1550 | D:2      | Reached skill level 4 in Stealth
  1620 | D:2      | Reached XP level 4. HP: 13/36 MP: 9/9
  2194 | D:2      | Found a bloodstained altar of Trog.
  2259 | D:2      | Found a white marble altar of Elyvilon.
  2259 | D:2      | Found a sparkling altar of Nemelex Xobeh.
  2485 | D:3      | Paralysed by a potion of paralysis for 5 turns
  2730 | D:3      | Reached skill level 5 in Stealth
  2965 | D:3      | Reached XP level 5. HP: 33/41 MP: 11/11
  3259 | D:3      | Found a deep blue altar of Sif Muna.
  3660 | D:4      | Noticed a phantom
  3666 | D:4      | Found a basalt altar of Yredelemnul.
  3674 | D:4      | Reached skill level 1 in Polearms
  3945 | D:4      | Noticed Eustachio
  3956 | D:4      | Killed Eustachio
  3956 | D:4      | Reached skill level 1 in Slings
  3996 | D:4      | Reached XP level 6. HP: 22/48 MP: 13/13
  4364 | D:4      | Found a burning altar of Makhleb.
  4411 | D:4      | Killed a phantom
  5636 | D:5      | Entered Level 5 of the Dungeon
  5680 | D:5      | HP: 2/48 [poisoned by a scorpion]
  5684 | D:5      | Succumbed to a scorpion's poison

Action                   |  1- 3 |  4- 6 || total
-------------------------+-------+-------++-------
Melee: Short sword       |   168 |   291 ||   459
       Spear             |       |    10 ||    10
 Fire: Sling             |       |    36 ||    36
Throw: Spear             |       |     1 ||     1
Evoke: Wand              |       |    43 ||    43
  Use: Potion            |     5 |     7 ||    12
       Scroll            |       |    14 ||    14
 Stab: Distracted        |     1 |       ||     1
       Sleeping          |       |     3 ||     3
